 Dungeon Crawl Stone Soup version 0.26-a0-969-g2c58977ddd (webtiles) character file.

Game seed: 4049893455788766107

15201 PentaManta the Protected (level 12, -3/97 HPs)
             Began as a Barachi Hunter on Dec 4, 2020.
             Was a High Priest of Okawaru.
             Killed from afar by a rime drake (17 damage)
             ... with a flash freeze
             ... on level 1 of the Lair of Beasts.
             The game lasted 00:52:09 (19774 turns).

PentaManta the Protected (Barachi Hunter)          Turns: 19774, Time: 00:52:10

Health: -3/97      AC: 23    Str: 17    XL:     12   Next: 24%
Magic:  12/12      EV: 10    Int: 13    God:    Okawaru [*****.]
Gold:   591        SH:  0    Dex: 13    Spells: 11/11 levels left

rFire    . . .     SeeInvis +   a - +2 hand crossbow
rCold    . . .     Faith    .   (no shield)
rNeg     . . .     Spirit   .   c - +1 plate armour (curse)
rPois    .         Reflect  .   P - +2 helmet
rElec    .         Harm     .   (no cloak)
rCorr    .         Rampage  .   X - +0 pair of gloves
MR       .....                  Q - +0 pair of boots
Stlth    ..........             (no amulet)
HPRegen  0.26/turn              e - ring of wizardry
MPRegen  0.13/turn              T - ring of see invisible

@: studying Armour, heavily drained, slow
A: +LOS, swims, slowness 1, strong legs 1
a: Hop, Heroism, Finesse, Renounce Religion


You were on level 1 of the Lair of Beasts.
You worshipped Okawaru.
Okawaru was extremely pleased with you.
You visited 2 branches of the dungeon, and saw 12 of its levels.

You collected 711 gold pieces.
You spent 120 gold pieces at shops.

Inventory:

Hand Weapons
 a - a +2 hand crossbow (weapon)
 n - a +0 hunting sling
 z - a +2 dagger of pain
Missiles
 o - 194 stones
 p - 51 poisoned darts
 r - 32 sling bullets
 N - 12 bolts (quivered)
Armour
 c - a cursed +1 plate armour (worn)
 w - a cursed +0 ring mail
 J - a +0 chain mail
 P - a +2 helmet (worn)
 Q - a +0 pair of boots (worn)
 S - a +0 troll leather armour
 X - a +0 pair of gloves (worn)
Jewellery
 e - a ring of wizardry (left hand)
 T - a ring of see invisible (right hand)
Wands
 y - a wand of digging (3)
 B - a wand of random effects (36)
 H - a wand of flame (32)
 K - a wand of paralysis (11)
 U - a wand of polymorph (3)
Scrolls
 b - 3 scrolls of magic mapping
 g - 2 scrolls of immolation
 h - a scroll of enchant weapon
 m - 6 scrolls of remove curse
 q - a scroll of fog
 t - a scroll of blinking
 x - 2 scrolls of fear
 A - 4 scrolls of amnesia
 M - a scroll of summoning
 O - 3 scrolls of enchant armour
Potions
 f - 3 potions of mutation
 i - a potion of brilliance
 j - a potion of magic
 u - 2 potions of cancellation
 v - a potion of lignification
 C - 3 potions of flight
 E - 2 potions of attraction
 I - 3 potions of might
 V - a potion of berserk rage
Books
 d - a manual of Armour
Miscellaneous
 L - a phial of floods (inert)


   Skills:
 + Level 10.2(8.8) Fighting
 - Level 10.0(8.6) Crossbows
 * Level 14.0(12.5) Armour
 * Level 11.9(10.5) Dodging
 - Level 0.8(0.0) Stealth


You had 11 spell levels left.
You didn't know any spells.
Your spell library contained the following spells:

 Spells                   Type           Power        Failure   Level
 Animate Skeleton         Necr           #.....       91%         1
 Freeze                   Ice            #...         91%         1
 Pain                     Necr           #...         91%         1
 Poisonous Vapours        Pois/Air       #.....       97%         2
 Conjure Flame            Conj/Fire      #.......     99%         3
 Frozen Ramparts          Ice            #.....       99%         3
 Mephitic Cloud           Conj/Pois/Air  #.......     99%         3
 Ozocubu's Armour         Ice            #.......     99%         3
 Vampiric Draining        Necr           #.........   99%         3
 Animate Dead             Necr           #.........   100%        4
 Cause Fear               Hex            #.........   100%        4
 Hailstorm                Conj/Ice       #.......     100%        4
 Summon Ice Beast         Ice/Summ       #.......     100%        4
 Agony                    Necr           #.......     100%        5
 Silence                  Hex/Air        #.........   100%        5
 Yara's Violent Unravell  Hex/Tmut       #.........   100%        5
 Freezing Cloud           Conj/Ice/Air   #.........   100%        6
 Discord                  Hex            #.........   100%        8


Dungeon Overview and Level Annotations

Branches:
Dungeon (11/15)            Temple (0/1) D:5            Lair (1/6) D:9
    Orc (0/2) D:9

Altars:
Ashenzari
Cheibriados
Gozag
Hepliaklqana
Kikubaaqudgha
Nemelex Xobeh
Okawaru
Qazlal
Ru
Sif Muna
Trog
Wu Jian
Yredelemnul
Zin

Shops:
D:10 *   D:11 *

Annotations:
D:5 exclusion: angel
D:10 3 runed translucent doors, Gargoyl's ghost, journeyman GnAK


Innate Abilities, Weirdness & Mutations

You can be seen from farther away. (+LOS)
You can swim through water.
You cover ground slowly.
You can hop short distances.


Message History

Item here: 3 bolts.
The floor, spattered with blood.
There are monsters nearby!
Unknown command.
Fire: 14 bolts
Press: ? - help, Q - select action, (/) - cycle Shift-Dir - straight line, f/p - hell rat
Aim: a hell rat (severely wounded)
You shoot a bolt. The bolt closely misses the hell rat.
The hell rat bites you.
* * * LOW HITPOINT WARNING * * *
The hell rat bites you but does no damage.
Fire: 13 bolts
Press: ? - help, Q - select action, (/) - cycle Shift-Dir - straight line, f/p - hell rat
Aim: a hell rat (severely wounded)
You shoot a bolt.
The bolt hits the hell rat but does no damage.
The hell rat is severely wounded.
The rime drake breathes ice at you. The flash freeze hits you!
You die...

##.... #.....+... #....
#.....#... ##.... ##
##.....#...
#.....#.#####P.....#...
#...... ..........#...
#.................#...
#.....#.+#####.#..P'#.
#.......[......#......
#...(@#........P.#P...
#...r(#..........#....
#.....((.(.(...#.#....
#...((#........#.##...
#(..>.#.......[#.###..
#....k.........#.##.#.
#.....#..........#####
##.....#........#.# #
#P....(.........+.#


You could see a rime drake (fleeing, catching breath) and a hell rat.

Vanquished Creatures
  3 boulder beetles (D:11)
  Harold (Lair:1)
  A rust devil (D:5)
  Psyche (D:11)
  A cane toad (Lair:1)
  A rime drake (Lair:1)
  A komodo dragon (Lair:1)
  3 trolls
  A polar bear (D:8)
  A hornet (D:11)
  A wyvern (D:8)
  21 yaks
  A wraith (D:11)
  A basilisk (D:9)
  A soldier ant (D:11)
  4 water moccasins
  7 orc warriors
  2 ice beasts
  4 phantoms
  2 sky beasts
  2 black bears
  5 ogres
  2 necrophages
  3 centaurs
  3 big kobolds
  14 bullfrogs
  2 gnoll sergeants
  Blork the orc (D:4)
  2 wyvern zombies
  A water moccasin skeleton (D:8)
  4 scorpions
  4 killer bees
  An electric eel (D:8)
  6 hounds
  4 jellies
  A bullfrog skeleton (D:6)
  A centaur skeleton (D:11)
  7 orc priests
  Ijyb (D:4)
  2 iguanas
  9 orc wizards
  5 hell rats (Lair:1)
  11 worker ants
  A killer bee zombie (D:9)
  2 bullfrog simulacra (D:8)
  A hound zombie (D:7)
  2 hound skeletons
  A worker ant zombie (D:5)
  9 gnolls
  11 adders
  A howler monkey skeleton (D:4)
  3 shadow imps
  5 white imps
  An ufetubus (D:8)
  2 oozes
  An adder skeleton (D:4)
  4 worms
  4 leopard geckos
  38 orcs
  2 bat zombies (D:3)
  7 giant cockroaches
  5 goblins
  8 hobgoblins
  13 jackals
  21 kobolds
  5 quokkas
  A ball python (D:3)
  8 bats
  5 frilled lizards
  A giant cockroach zombie (D:5)
  A jackal skeleton (D:5)
  A quokka skeleton (D:7)
  5 rats
  A rat zombie (D:3)
319 creatures vanquished.

Vanquished Creatures (others)
  An orc wizard (D:5)
  18 plants
19 creatures vanquished.

Grand Total: 338 creatures vanquished

Notes
Turn   | Place    | Note
-------+----------+-------------------------------------------
     0 | D:1      | PentaManta the Barachi Hunter began the quest for the Orb.
     0 | D:1      | Reached XP level 1. HP: 17/17 MP: 1/1
   365 | D:1      | Reached XP level 2. HP: 19/23 MP: 2/2
   816 | D:1      | Reached XP level 3. HP: 29/29 MP: 3/3
  1343 | D:2      | Reached skill level 1 in Armour
  2210 | D:2      | You fall into a shaft and drop 1 floor!
  2221 | D:3      | Reached XP level 4. HP: 35/35 MP: 4/4
  2524 | D:3      | Reached skill level 5 in Crossbows
  2597 | D:3      | Found an iron altar of Okawaru.
  2619 | D:3      | Reached XP level 5. HP: 25/42 MP: 5/5
  2642 | D:3      | Became a worshipper of Warmaster Okawaru
  2898 | D:3      | Reached skill level 2 in Armour
  3149 | D:3      | Found an ancient bone altar of Kikubaaqudgha.
  3191 | D:4      | Noticed a phantom
  3247 | D:4      | Killed a phantom
  3248 | D:4      | Reached XP level 6. HP: 22/48 MP: 6/6
  3795 | D:4      | Reached skill level 3 in Armour
  4021 | D:4      | Noticed Ijyb
  4028 | D:4      | Killed Ijyb
  4041 | D:4      | Reached * piety under Okawaru
  4042 | D:4      | Reached XP level 7. HP: 36/55 MP: 7/7
  4200 | D:4      | Found a snail-covered altar of Cheibriados.
  4467 | D:4      | Found a sparkling altar of Nemelex Xobeh.
  4614 | D:4      | Noticed Blork the orc
  4632 | D:4      | Killed Blork the orc
  4703 | D:4      | Found a shimmering blue altar of Sif Muna.
  4759 | D:5      | Entered Level 5 of the Dungeon
  4783 | D:5      | Reached skill level 5 in Fighting
  4927 | D:5      | Reached skill level 4 in Armour
  5175 | D:5      | Noticed an angel
  5183 | D:5      | Found a staircase to the Ecumenical Temple.
  5304 | D:5      | Reached ** piety under Okawaru
  5305 | D:5      | Reached XP level 8. HP: 50/63 MP: 8/8
  5639 | D:5      | Noticed a rust devil
  6003 | D:5      | Killed a rust devil
  6003 | D:5      | Reached *** piety under Okawaru
  6639 | D:5      | Found a sacrificial altar of Ru.
  6717 | D:5      | Reached XP level 9. HP: 68/68 MP: 9/9
  7066 | D:6      | Found a bloodstained altar of Trog.
  7095 | D:6      | Reached skill level 10 in Crossbows
  7167 | D:6      | Received a gift from Okawaru
  7176 | D:5      | Found a hazy altar of Hepliaklqana.
  7392 | D:5      | Reached skill level 5 in Armour
  7392 | D:5      | Reached skill level 5 in Dodging
  8324 | D:7      | Reached **** piety under Okawaru
  8325 | D:7      | Reached skill level 6 in Armour
  9272 | D:7      | Reached skill level 7 in Armour
  9966 | D:8      | Reached XP level 10. HP: 67/77 MP: 10/10
 10115 | D:8      | Received a gift from Okawaru
 10848 | D:8      | Reached skill level 8 in Armour
 10957 | D:8      | Found an ornate altar of the Wu Jian Council.
 11945 | D:9      | Found a glowing silver altar of Zin.
 12392 | D:9      | Paralysed by a kobold for 5 turns
 12441 | D:9      | Found a staircase to the Orcish Mines.
 12551 | D:9      | Reached skill level 9 in Armour
 12960 | D:9      | Received a gift from Okawaru
 13142 | D:9      | Found a staircase to the Lair.
 13445 | D:9      | Found a basalt altar of Yredelemnul.
 13445 | D:9      | Found a stormy altar of Qazlal.
 13445 | D:9      | Found a broken altar of Ashenzari.
 13475 | D:10     | Entered Level 10 of the Dungeon
 13646 | D:10     | Found a runed translucent gate.
 13646 | D:10     | Found a runed translucent gate.
 13646 | D:10     | Found a runed translucent gate.
 13648 | D:10     | Found an opulent altar of Gozag.
 13650 | D:10     | Found Jaskeqot's Assorted Antiques.
 13650 | D:10     | Noticed Gargoyl's ghost (journeyman GnAK)
 13698 | D:10     | Received a gift from Okawaru
 14164 | D:11     | Reached XP level 11. HP: 87/87 MP: 11/11
 14220 | D:11     | Reached skill level 10 in Armour
 14247 | D:11     | Reached ***** piety under Okawaru
 14752 | D:11     | Noticed a boulder beetle
 15120 | D:11     | Found Rog Unis's Assorted Antiques.
 15120 | D:11     | Noticed a boulder beetle
 15135 | D:10     | Received a gift from Okawaru
 15178 | D:10     | Reached skill level 10 in Dodging
 16290 | D:11     | Killed a boulder beetle
 16327 | D:11     | Bought a scroll labelled FEIM ICZAH for 32 gold pieces
 16327 | D:11     | Bought a fuming silvery potion for 28 gold pieces
 16327 | D:11     | Bought a scroll labelled JENUANW DOISCH for 32 gold pieces
 16327 | D:11     | Bought a metallic emerald potion for 28 gold pieces
 16377 | D:11     | Identified a scroll of acquirement
 16377 | D:11     | Acquired a manual of Armour
 16463 | D:11     | Reached skill level 11 in Armour
 16508 | D:11     | Paralysed by a hornet for 1 turns
 16657 | D:11     | Paralysed by a hornet for 3 turns
 16664 | D:11     | Received a gift from Okawaru
 17082 | D:11     | Noticed a boulder beetle
 17093 | D:11     | Killed a boulder beetle
 17245 | D:11     | Killed a boulder beetle
 17246 | D:11     | Reached skill level 12 in Armour
 17417 | D:11     | Noticed an iron troll
 17440 | D:11     | Noticed Psyche
 17460 | D:11     | Killed Psyche
 17833 | D:11     | Noticed a sphinx
 17889 | D:11     | Noticed an emperor scorpion
 18325 | Lair:1   | Entered Level 1 of the Lair of Beasts
 18456 | Lair:1   | Noticed Harold
 18471 | Lair:1   | Killed Harold
 18472 | Lair:1   | Reached skill level 13 in Armour
 18472 | Lair:1   | Reached XP level 12. HP: 61/97 MP: 12/12
 19058 | Lair:1   | Reached skill level 10 in Fighting
 19300 | Lair:1   | HP: 3/97 [yak (7)]
 19762 | Lair:1   | Reached skill level 14 in Armour
 19774 | Lair:1   | Killed from afar by a rime drake

Illustrated notes

Levels and vault maps discovered:
D:1:      lightli_arrival_isolated_outpost, layout_basic, corexii_corridor_pit,
          minmay_tetromino_l4
D:2:      layout_basic, roderic_lattice_a, serial_park_tiny_pond
D:3:      layout_loops_ring, lemuel_zombie_altar_kikubaaqudgha,
          okawaru_gym_becter
D:4:      layout_cave_pools, kennysheep_mini, kennysheep_little_box, tgw_sif,
          uniq_ijyb
D:5:      layout_basic, nicolae_overflow_hidden_temple, temple_garden,
          nrook_mini_vaults, lemuel_old_faithful
D:6:      layout_loops_ring, general_overflow_altar, grunt_ministairs_3
D:7:      layout_loops_corners
D:8:      layout_loops_ring, lemuel_doored_altar, serial_ice, serial_ice_c,
          serial_ice_h, serial_ice_l, serial_ice_a
D:9:      layout_cave_pools, old_standard_altar, gammafunk_temple_overflow_claw,
          lair_entry_dummy
D:10:     layout_long_grid, ebering_ghost_gozag
D:11:     minmay_opposing_rooms, layout_cave_pods, serial_shops,
          nicolae_shop_statue_plus, uniq_psyche
Lair:1:   layout_chaotic_city, uniq_harold

Skill      XL: |  1  2  3  4  5  6  7  8  9 10 11 12 |
---------------+-------------------------------------+-----
Fighting       | 3 4 5 6 8 9 10 | 10.2
Armour         | 1 2 3 4 7 9 13 14 | 14.0
Crossbows      | 5 6 9 10 | 10.0
Dodging        | 3 4 7 9 11 | 11.9
Stealth        | |  0.8

Action                   |  1- 3 |  4- 6 |  7- 9 | 10-12 || total
-------------------------+-------+-------+-------+-------++-------
Melee: Short sword       |    32 |       |       |       ||    32
       Dagger            |   120 |       |    11 |    49 ||   180
       Hand crossbow     |       |       |     2 |       ||     2
 Fire: Hand crossbow     |    16 |    41 |   359 |   867 ||  1283
       Hunting sling     |    26 |   202 |   211 |    20 ||   459
Invok: Heroism           |       |       |       |     8 ||     8
 Abil: Hop               |     1 |     1 |     1 |    10 ||    13
Evoke: Wand              |       |       |       |    31 ||    31
       Phial of floods   |       |       |       |     1 ||     1
  Use: Potion            |       |       |     3 |     7 ||    10
       Scroll            |       |       |       |    29 ||    29
 Stab: Sleeping          |     2 |       |       |       ||     2
       Paralysed         |       |       |       |    10 ||    10
Armor: Leather armour    |    92 |       |       |       ||    92
       Ring mail         |     3 |    66 |    73 |       ||   142
       Scale mail        |       |       |    48 |    41 ||    89
       Chain mail        |       |       |       |   289 ||   289
       Plate armour      |       |       |       |   124 ||   124
Dodge: Dodged            |   184 |   115 |   179 |   505 ||   983

Table legend: (Time is in decaauts)
 A = Elapsed time spent in this place.
 B = Non-inter-level travel time spent in this place.
 C = Inter-level travel time spent in this place.
 D = Time resting spent in this place.
 E = Time spent auto-exploring this place.
 F = Levels seen in this place.
 G = Mean time per level.
                   A        B        C        D        E       F      G
               +--------+--------+--------+--------+--------+-----+--------+
         Total |  21349 |  20470 |    879 |   3091 |  13261 |  12 | 1779.1 |
       Dungeon |  20179 |  19301 |    878 |   3091 |  12354 |  11 | 1834.5 |
          Lair |   1169 |   1169 |      0 |      0 |    907 |   1 | 1169.0 |
               +--------+--------+--------+--------+--------+-----+--------+

Top non-repeatable levels by time:
     D:5: 2838 daAuts
    D:11: 2825 daAuts
    D:10: 2284 daAuts
     D:8: 2241 daAuts
     D:7: 1948 daAuts
     D:9: 1864 daAuts
     D:4: 1700 daAuts
     D:1: 1463 daAuts
  Lair:1: 1169 daAuts
     D:3: 1127 daAuts
     D:2: 964 daAuts
     D:6: 921 daAuts
